 Dungeon Crawl Stone Soup version 0.27.0-1-g7a089689b8 (webtiles) character file.

Game seed: 6973751754263818197

139390 mainiacjoe the Warrior (level 16, -1/223 HPs)
             Began as a Red Draconian Berserker on Aug 9, 2021.
             Was a High Priest of Trog.
             Drowned by a water elemental (6 damage)
             ... on level 2 of the Shoals.
             The game lasted 02:31:52 (40650 turns).

mainiacjoe the Warrior (Red Draconian Berserker)   Turns: 40650, Time: 02:31:53

Health: -1/223     AC: 22    Str: 23    XL:     16   Next: 73%
Magic:  16/16      EV: 19    Int:  9    God:    Trog [*****.]
Gold:   555        SH: 19    Dex: 15    Spells: 15/15 levels left

rFire    + . .     SeeInvis .   w - +8 double sword (flame)
rCold    . . .     Faith    .   M - +1 kite shield {rN+}
rNeg     + . .     Spirit   .   (armour unavailable)
rPois    .         Reflect  +   (helmet restricted)
rElec    .         Harm     .   j - +2 cloak {Will+}
rCorr    .         Rampage  +   c - +2 pair of gloves
Will     ++...                  d - +2 pair of boots {rampage}
Stlth    ..........             Z - amulet of reflection
HPRegen  0.47/turn              u - ring of Shadows {Umbra +Inv Stlth+}
MPRegen  0.15/turn              S - +4 ring of protection {=R}

@: berserking (expiring), lethally poisoned (-1 -> -6), marked, engulfed (cannot
breathe), wreathed by umbra, studying Fighting, very quick
A: breathe fire, AC +9, unfitting armour, fire resistance 1, cold-blooded, fangs
1, agile 1, noise suppression
a: Breathe Fire, Renounce Religion, Evoke Invisibility, Berserk, Trog's Hand,
Brothers in Arms


You were on level 2 of the Shoals.
You worshipped Trog.
Trog was extremely pleased with you.
You visited 4 branches of the dungeon, and saw 26 of its levels.
You also visited: Bailey, Gauntlet and Ice Cave.

You collected 3375 gold pieces.
You spent 2820 gold pieces at shops.

Inventory:

Hand Weapons
 a - a +10 spectral quick blade
 b - a +4 hand crossbow of flaming
 g - the +9 fustibalus of the Tundras {speed, +Blink}
   (You took it off a merfolk javelineer on level 2 of the Shoals)

   Attacks with this weapon are significantly faster.
   +Blink:    It lets you blink.
 w - a +8 double sword of flaming (weapon)
Missiles
 h - 36 poisoned darts (quivered)
 k - 34 javelins
 l - 12 boomerangs of dispersal {=F}
 t - 557 bolts
 y - 111 boomerangs
 A - 29 silver javelins
 L - 3 throwing nets {=F}
 Q - 3 curare-tipped darts {=F}
Armour
 c - a +2 pair of gloves (worn)
 d - a +2 pair of boots of rampaging (worn)
 j - a +2 cloak of willpower (worn)
 M - a +1 kite shield of positive energy (worn)
Jewellery
 p - a ring of willpower
 u - the ring of Shadows (left hand) {Umbra +Inv Stlth+}
   (You bought it in a shop on level 4 of the Dungeon)

   [ring of stealth]

   It surrounds you with an aura of shadow, increasing your stealth and reducing
   the accuracy of all within it (including the wearer).
   +Inv:      It lets you turn invisible.
   Stlth:     It makes you more stealthy.
 v - a ring of see invisible
 S - a +4 ring of protection (right hand) {=R}
 Z - an amulet of reflection (around neck)
Wands
 z - a wand of paralysis (14)
 I - a wand of charming (20)
 N - a wand of flame (29)
 O - a wand of iceblast (4)
 R - a wand of acid (17)
 W - a wand of mindburst (5)
 Y - a wand of polymorph (26)
Scrolls
 f - a scroll of immolation
 i - 2 scrolls of fog
 m - 4 scrolls of teleportation
 o - a scroll of vulnerability
 x - a scroll of silence
 D - 9 scrolls of identify
 E - 2 scrolls of fear
 T - 3 scrolls of summoning
 X - a scroll of holy word
Potions
 q - a potion of might
 r - 3 potions of lignification
 s - 11 potions of curing
 B - 4 potions of attraction
 C - 2 potions of heal wounds
 F - 4 potions of ambrosia
 G - a potion of magic
 H - 5 potions of cancellation
 J - 3 potions of berserk rage
 K - 3 potions of invisibility
 P - 2 potions of flight
 U - 2 potions of haste
Miscellaneous
 e - a tin of tremorstones (2/2)
 n - a piece from Xom's chessboard (15/15)
 V - a condenser vane


   Skills:
 - Level 15.0 Fighting
 - Level 10.0(10.9) Short Blades
 - Level 7.3(9.7) Long Blades
 - Level 3.6 Maces & Flails
 - Level 9.5 Crossbows
 + Level 14.9 Dodging
 - Level 10.0 Stealth
 - Level 11.0 Shields
 - Level 5.0 Evocations


You had 15 spell levels left.
You didn't know any spells.
Your spell library contained the following spells:

 Spells                   Type           Power      Damage    Failure   Level
 Shock                    Conj/Air       0%         1d3       56%         1
 Sting                    Tmut/Pois      0%         1d3       56%         1
 Summon Small Mammal      Summ           0%         N/A       56%         1
 Poisonous Vapours        Pois/Air       0%         N/A       71%         2
 Gell's Gravitas          Tloc           0%         N/A       90%         3
 Lesser Beckoning         Tloc           0%         N/A       90%         3
 Ozocubu's Armour         Ice            0%         N/A       90%         3
 Swiftness                Air            0%         N/A       90%         3
 Teleport Other           Tloc           0%         N/A       90%         3
 Airstrike                Air            0%         N/A       100%        4
 Hailstorm                Conj/Ice       0%         3d3       100%        4
 Ice Form                 Ice/Tmut       0%         N/A       100%        4
 Olgreb's Toxic Radiance  Pois           0%         N/A       100%        4
 Summon Ice Beast         Ice/Summ       0%         N/A       100%        4
 Summon Lightning Spire   Summ/Air       0%         N/A       100%        4
 Blade Hands              Tmut           0%         N/A       100%        5
 Irradiate                Conj/Tmut      0%         3d13      100%        5
 Lightning Bolt           Conj/Air       0%         1d11      100%        5
 Summon Forest            Summ/Tloc      0%         N/A       100%        5
 Simulacrum               Ice/Necr       0%         N/A       100%        6
 Dragon Form              Tmut           0%         N/A       100%        7
 Ozocubu's Refrigeration  Ice            0%         4d5       100%        7
 Chain Lightning          Conj/Air       0%         N/A       100%        9


Dungeon Overview and Level Annotations

Branches:
Dungeon (15/15)            Temple (0/1) D:5            Lair (6/6) D:9
 Shoals (3/4) Lair:3       Spider (0/4) Lair:4        Slime (0/5) Lair:6
    Orc (2/2) D:10            Elf (0/3) Orc:2        Vaults (0/5) D:13
 Depths (0/5) D:15         Bailey (visited)           IceCv (visited)
Gauntlet (visited)

Altars:
Dithmenos
Fedhas
Kikubaaqudgha
Okawaru
Ru
Sif Muna
Trog
Uskayaw
Zin
The Shining One
Beogh

Shops:
D:4 (!!==   D:9 (   D:10 :   D:12 *   D:15 (   Orc:1 *?!   Orc:2 :?*:

Portals:
Abyss: D:5

Annotations:
Lair:6 exclusion: obsidian statue
Shoals:1 2 transporters, Lyfunof's ghost, adept DrFE


Innate Abilities, Weirdness & Mutations

You can breathe blasts of fire.
Your fiery red scales are hard. (AC +9)
You cannot fit into any form of body armour.
Your flesh is heat resistant. (rF+)
You are cold-blooded and may be slowed by cold attacks.
You have very sharp teeth.
You are agile. (Dex +2)
You passively dampen the noise of your surroundings.


Message History

Your lungs strain for air!
You feel very sick. The harpy closely misses you. The harpy misses you.
You block the water elemental's attack.
The sea snake bites you but does no damage.
You block the harpy's attack. The harpy closely misses you.
You slice the sea snake!! You burn the sea snake.
You kill the sea snake!
Trog accepts your kill.
* * * LOW HITPOINT WARNING * * *
Your lungs strain for air!
You feel very sick. The harpy misses you. You block the harpy's attack.
The water elemental barely misses you.
You barely miss the harpy. You tail-slap the harpy.
The harpy is lightly wounded.
* * * LOW HITPOINT WARNING * * *
Your lungs strain for air!
You feel sick. You block the harpy's attack. x2
The harpy claws you but does no damage. The harpy barely misses you.
You open the harpy like a pillowcase!!! You burn the harpy!
You kill the harpy!
Trog accepts your kill.
* * * LOW HITPOINT WARNING * * *
Your lungs strain for air!
You feel sick. You block the water elemental's attack.
Your condenser vane has recharged.
You closely miss the water elemental. You tail-slap the water elemental!
The water elemental is moderately damaged.
* * * LOW HITPOINT WARNING * * *
Your lungs strain for air!
You feel sick. The water elemental hits you.
* * * LOW HITPOINT WARNING * * *
You barely miss the water elemental.
The water elemental is moderately damaged.
* * * LOW HITPOINT WARNING * * *
Your lungs strain for air!
* * * LOW HITPOINT WARNING * * *
You feel sick.
You hit the water elemental. You burn the water elemental.
The water elemental is heavily damaged.
You die...

≈≈≈≈≈≈≈≈≈≈≈≈≈≈≈≈≈≈≈≈≈≈≈≈≈≈..≈..≈≈
≈≈≈≈≈≈≈≈≈≈≈≈≈≈≈≈≈≈≈≈≈≈≈≈......≈≈≈
≈≈≈≈≈≈.....≈≈≈≈≈≈≈≈≈≈≈..##....≈≈≈
≈≈≈≈≈..###.≈≈≈≈≈≈≈≈≈>≈..##....≈≈≈
≈≈≈...####..≈≈≈≈≈≈≈≈≈≈≈≈.......≈≈
≈).........≈≈≈≈≈≈≈≈≈≈..≈.......≈≈
≈≈.#......#)≈≈≈≈≈≈≈≈≈≈≈≈.....≈≈≈≈
≈≈##..≈..##..≈≈E...≈≈≈≈≈≈.≈≈≈≈≈≈≈
≈≈..........≈≈≈≈@..≈≈≈≈≈≈≈≈≈≈≈≈≈≈
≈≈≈...≈.....≈≈≈≈≈≈≈≈≈≈≈≈≈≈≈≈≈≈≈≈≈
≈≈≈≈≈≈≈≈≈.....≈≈≈≈≈≈≈≈≈≈≈≈≈≈≈≈≈≈≈
≈≈≈≈≈≈≈≈≈.###.≈≈≈≈≈≈≈≈≈≈≈≈≈≈≈≈≈≈≈
≈≈≈≈≈≈≈≈..# #.≈≈≈≈≈≈≈≈≈≈≈≈≈≈≈≈≈≈≈
.#..≈.≈≈..###.≈≈≈≈≈≈≈≈≈≈≈≈≈≈≈≈≈≈≈
##....≈≈..)#..≈≈≈≈≈≈≈≈≈≈≈≈≈≈≈≈≈≈≈
.#.....≈≈...≈≈≈≈≈≈≈≈≈≈≈≈≈≈≈≈≈≈≈≈≈
.##...≈≈≈≈...≈≈≈≈≈≈≈≈≈≈≈≈≈≈


You could see a water elemental.

Vanquished Creatures
  A kraken (Shoals:2)
  Frances (Shoals:1)
  A very ugly thing (IceCv)
  The ghost of hilljack the Protected, a journeyman GrFi of Ru (Orc:1)
  Nessos (Orc:2)
  3 minotaurs
  2 merfolk impalers
  A fire dragon (D:14)
  5 merfolk javelineers
  Josephine (D:14)
  An ice dragon (D:15)
  A caustic shrike simulacrum (IceCv)
  Erolcha (Orc:2)
  A naga warrior (Orc:1)
  8 hydras
  A boulder beetle (D:14)
  A merfolk avatar (Shoals:1)
  A catoblepas (Lair:6)
  2 ogre magi
  A merfolk aquamancer (Shoals:1)
  3 two-headed ogres
  4 centaur warriors
  A satyr (Shoals:2)
  A tengu warrior (Orc:1)
  2 orc high priests (Orc:1)
  11 death yaks
  A vampire mage (D:15)
  Urug (D:12)
  Sonja (D:12)
  The ghost of Konebred the Cleaver, a novice HOFi of Ru (D:9)
  9 skeletal warriors
  6 sea snakes
  A glowing orange brain (Gauntlet)
  12 harpies
  7 orc knights
  A lindwurm (Lair:3)
  A deep elf pyromancer (D:15)
  2 necromancers
  8 fauns (Shoals:2)
  8 ugly things
  A fire giant zombie (D:15)
  2 cyclopes
  3 merfolk sirens
  5 manticores
  Joseph (D:7)
  9 elephants
  Maurice (D:10)
  2 black mambas
  3 torpor snails
  A gargoyle (D:11)
  A dire elephant skeleton (Lair:6)
  A spriggan zombie (D:15)
  11 komodo dragons
  15 cane toads
  Maggie (D:9)
  An efreet (D:15)
  2 unseen horrors
  4 rime drakes (Lair:6)
  2 golden dragon simulacra (IceCv)
  An ancient zyme (D:5)
  A freezing wraith (IceCv)
  4 meliai
  9 trolls
  5 jumping spiders (Lair:4)
  18 merfolk
  A polar bear (shapeshifter) (D:14)
  7 polar bears
  2 wind drakes (Shoals:2)
  A wolf spider simulacrum (D:14)
  A hornet (D:9)
  3 slime creatures (D:12)
  9 blink frogs
  6 snapping turtles
  The ghost of AlmostDecent the Chopper, an amateur GrFi (D:5)
  5 dream sheep (Lair:6)
  An ettin skeleton (D:15)
  A redback (shapeshifter) (Gauntlet)
  A redback (Lair:4)
  5 water elementals (Shoals:1)
  6 wyverns
  42 yaks
  A shadow (D:11)
  2 dire elephant simulacra (IceCv)
  11 wraiths
  3 basilisks
  A vampire (D:13)
  6 neqoxecs (D:15)
  19 vampire mosquitoes
  5 wargs
  2 harpy simulacra (IceCv)
  A spectral cane toad (Lair:6)
  Duvessa (D:6)
  An acid dragon (D:8)
  14 water moccasins
  A hydra simulacrum (IceCv)
  A tengu skeleton (D:15)
  3 alligator simulacra (IceCv)
  An ice beast (D:6)
  2 necrophages
  4 black bears
  2 elephant zombies (Lair:5)
  57 orc warriors
  3 ettin simulacra (IceCv)
  13 ogres
  A phantom (D:6)
  11 wolves
  28 centaurs
  A komodo dragon zombie (Lair:5)
  3 wyvern zombies
  2 gnoll sergeants
  9 bullfrogs
  Dowan (D:6)
  A cane toad simulacrum (Lair:6)
  An elephant simulacrum (Lair:6)
  16 killer bees
  A lindwurm simulacrum (IceCv)
  4 wights (D:8)
  2 howler monkeys
  4 vampire bats (D:7)
  5 electric eels
  2 crimson imps (D:5)
  A centaur zombie (D:6)
  2 quasits (D:15)
  A basilisk zombie (Lair:5)
  A jelly (D:6)
  A bullfrog skeleton (D:6)
  A gnoll shaman (D:4)
  21 orc priests
  3 hounds
  An iron imp (D:5)
  5 hell rats (Lair:5)
  An iguana (D:4)
  21 orc wizards
  A killer bee zombie (D:5)
  A hound skeleton (D:5)
  A howler monkey zombie (D:6)
  Robin (D:3)
  16 gnolls
  12 adders
  2 river rats
  A white imp (D:6)
  3 ufetubi
  An adder skeleton (D:4)
  A worm (D:5)
  2 dart slugs
  114 orcs
  2 bat skeletons (D:7)
  3 bat zombies (D:7)
  4 endoplasms
  5 giant cockroaches
  13 goblins
  10 hobgoblins
  5 jackals
  5 kobolds
  3 quokkas
  11 ball pythons
  7 bats
  7 rats
  3 tentacles (Shoals:2)
851 creatures vanquished.

Vanquished Creatures (collateral kills)
  Saint Roka (Orc:2)
  The ghost of Purphixowk the Carver, a journeyman DsGl of Makhleb (D:15)
  A death yak (Lair:3)
  5 orc knights
  2 trolls (Orc:1)
  8 orc warriors
  A killer bee (D:8)
  2 quasits (D:15)
  2 orc wizards (Orc:1)
  3 orcs (Orc:1)
26 creatures vanquished.

Vanquished Creatures (others)
  22 fungi
  42 plants
  5 tentacles (Shoals:2)
  14 withered plants
83 creatures vanquished.

Grand Total: 960 creatures vanquished

Notes
Turn   | Place    | Note
-------+----------+-------------------------------------------
     0 | D:1      | mainiacjoe the Draconian Berserker began the quest for the
                  | Orb.
     0 | D:1      | Reached XP level 1. HP: 19/19 MP: 1/1
    44 | D:1      | Got the Volume of the Feathery Entourage
   343 | D:1      | Reached XP level 2. HP: 26/26 MP: 2/2
   643 | D:1      | Found a faded altar of an unknown god.
   937 | D:2      | Reached ** piety under Trog
  1002 | D:2      | Reached XP level 3. HP: 31/33 MP: 3/3
  1299 | D:2      | Reached skill level 4 in Fighting
  1564 | D:3      | Noticed Robin
  1577 | D:3      | Killed Robin
  1578 | D:3      | Reached skill level 1 in Short Blades
  1578 | D:3      | Reached XP level 4. HP: 40/40 MP: 4/4
  2300 | D:3      | Reached *** piety under Trog
  2476 | D:3      | Reached XP level 5. HP: 46/46 MP: 5/5
  2576 | D:4      | Found Paishraim's Distillery.
  2583 | D:4      | Bought a potion of might for 52 gold pieces
  2583 | D:4      | Bought a potion of lignification for 39 gold pieces
  2583 | D:4      | Bought a potion of curing for 39 gold pieces
  2611 | D:4      | Found Vaaj's Jewellery Shop.
  2978 | D:4      | Found Pufiseg's Weapon Shop.
  3023 | D:4      | Found Fydduim's Distillery.
  3228 | D:4      | Reached XP level 6. HP: 44/52 MP: 6/6
  3581 | D:4      | Found Pugguff's Jewellery Shop.
  3597 | D:4      | Found a shadowy altar of Dithmenos.
  3693 | D:4      | Reached skill level 5 in Short Blades
  3888 | D:5      | Entered Level 5 of the Dungeon
  4061 | D:5      | Your scales start taking on a fiery red colour.
  4061 | D:5      | Reached XP level 7. HP: 59/59 MP: 7/7
  4061 | D:5      | Gained mutation: Your flesh is heat resistant. (rF+) [Red
                  | Draconian growth]
  4119 | D:5      | Found a transporter.
  4407 | D:5      | Reached **** piety under Trog
  4720 | D:5      | Noticed an ancient zyme
  4721 | D:5      | Found a transporter.
  4732 | D:5      | Reached XP level 8. HP: 66/66 MP: 8/8
  4738 | D:5      | Noticed AlmostDecent's ghost (amateur GrFi)
  5020 | D:5      | Found a staircase to the Ecumenical Temple.
  5554 | D:6      | Noticed Duvessa
  5555 | D:6      | Noticed Dowan
  5588 | D:6      | Killed Duvessa
  5642 | D:6      | Reached skill level 10 in Short Blades
  5787 | D:6      | Killed Dowan
  5907 | D:6      | Reached skill level 1 in Stealth
  6242 | D:6      | Reached skill level 5 in Fighting
  6242 | D:6      | Reached XP level 9. HP: 70/74 MP: 9/9
  6985 | D:7      | Noticed Joseph
  6998 | D:7      | Killed Joseph
  7120 | D:7      | Found an ancient bone altar of Kikubaaqudgha.
  7126 | D:7      | Reached skill level 6 in Fighting
  7252 | D:7      | Reached skill level 5 in Dodging
  7518 | D:7      | Found a bloodstained altar of Trog.
  7521 | D:7      | Found a sacrificial altar of Ru.
  8098 | D:8      | Found a shimmering blue altar of Sif Muna.
  8170 | D:8      | Reached skill level 7 in Fighting
  8170 | D:8      | Reached skill level 5 in Stealth
  8615 | D:8      | Reached XP level 10. HP: 81/86 MP: 10/10
  9320 | D:9      | Reached ***** piety under Trog
  9449 | D:9      | Found a runed translucent gate.
  9450 | D:9      | Found a runed translucent gate.
  9451 | D:9      | Found a runed translucent gate.
  9457 | D:9      | Noticed a death yak
  9773 | D:9      | Noticed a death yak
  9773 | D:9      | Noticed a death yak
  9815 | D:8      | Killed a death yak
  9816 | D:8      | Reached skill level 8 in Fighting
  9937 | D:8      | Killed a death yak
 10321 | D:9      | Found a staircase to the Lair.
 10321 | D:9      | Found Fonn's Antique Weapon Shoppe.
 10321 | D:9      | Noticed a two-headed ogre
 10443 | D:9      | Killed a two-headed ogre
 10444 | D:9      | Reached skill level 9 in Fighting
 10602 | D:8      | Killed a death yak
 10992 | D:9      | Reached XP level 11. HP: 97/97 MP: 11/11
 11040 | D:9      | Noticed Maggie
 11045 | D:9      | Killed Maggie
 11374 | D:9      | Noticed Konebred's ghost (novice HOFi)
 11433 | D:10     | Entered Level 10 of the Dungeon
 11513 | D:10     | Noticed Maurice
 11756 | D:4      | Bought a ring of see invisible for 195 gold pieces
 12036 | D:10     | Found Temoti Kear's Book Emporium.
 12079 | D:10     | Noticed a two-headed ogre
 12112 | D:10     | Killed a two-headed ogre
 12302 | D:10     | Killed Maurice
 12437 | D:10     | Reached skill level 10 in Fighting
 12619 | D:10     | Found a glowing golden altar of the Shining One.
 12725 | D:10     | Found a staircase to the Orcish Mines.
 13029 | Lair:1   | Entered Level 1 of the Lair of Beasts
 13754 | Lair:1   | Noticed a four-headed hydra
 13767 | Lair:1   | Killed a four-headed hydra
 13768 | Lair:1   | Reached skill level 1 in Long Blades
 14329 | Lair:2   | You fall into a shaft and drop 1 floor!
 14347 | Lair:3   | Noticed a lindwurm
 14363 | Lair:3   | Killed a lindwurm
 14455 | Lair:3   | Reached XP level 12. HP: 106/106 MP: 12/12
 15111 | Lair:2   | Reached skill level 10 in Stealth
 15290 | Lair:2   | Reached skill level 10 in Dodging
 15377 | Lair:2   | Reached skill level 5 in Long Blades
 15536 | Lair:2   | Found a blossoming altar of Fedhas.
 15919 | Lair:2   | Noticed a seven-headed hydra
 15923 | Lair:2   | Killed a seven-headed hydra
 15964 | Lair:2   | Received a gift from Trog
 16472 | Lair:3   | Noticed a death yak
 16472 | Lair:3   | Noticed a death yak
 16474 | Lair:3   | Noticed a death yak
 16483 | Lair:3   | Noticed a death yak
 16486 | Lair:3   | Killed a death yak
 16487 | Lair:3   | Reached skill level 11 in Fighting
 16488 | Lair:3   | Noticed a death yak
 16488 | Lair:3   | Noticed a death yak
 16489 | Lair:3   | Killed a death yak
 16506 | Lair:3   | Killed a death yak
 16517 | Lair:3   | Killed a death yak
 16528 | Lair:3   | Killed a death yak
 16529 | Lair:3   | Reached skill level 12 in Fighting
 16546 | Lair:2   | Killed a death yak
 17432 | Lair:3   | Found a staircase to the Shoals.
 18517 | D:4      | Bought a +4 ring of protection for 468 gold pieces
 18898 | Lair:4   | Noticed an eight-headed hydra
 18917 | Lair:4   | Killed an eight-headed hydra
 18918 | Lair:4   | Reached XP level 13. HP: 99/119 MP: 13/13
 19067 | Lair:4   | Found a hole to the Spider Nest.
 19205 | Lair:4   | Reached skill level 13 in Fighting
 19844 | D:4      | Bought 2 potions of curing for 72 gold pieces
 19844 | D:4      | Bought a potion of curing for 36 gold pieces
 19844 | D:4      | Bought a potion of flight for 36 gold pieces
 20385 | Lair:5   | Reached skill level 1 in Shields
 21769 | Lair:6   | Entered Level 6 of the Lair of Beasts
 21775 | Lair:6   | Reached skill level 5 in Shields
 22384 | Lair:6   | Found the +4 skin of Zhor {*Englaciate rC+++ SInv}
 22962 | Lair:6   | Noticed a dire elephant
 22962 | Lair:6   | Noticed a dire elephant
 23003 | Lair:6   | Noticed a dire elephant
 23004 | Lair:6   | Noticed a dire elephant
 23127 | Lair:6   | Found a staircase to the Slime Pits.
 23547 | Lair:6   | Reached skill level 10 in Shields
 23547 | Lair:6   | Reached skill level 1 in Evocations
 23635 | Lair:6   | Reached XP level 14. HP: 129/129 MP: 14/14
 24335 | D:5      | Killed AlmostDecent's ghost
 24347 | D:5      | Found a one-way gate to the infinite horrors of the Abyss.
 24582 | D:9      | Killed Konebred's ghost
 25054 | Orc:1    | Entered Level 1 of the Orcish Mines
 25147 | Orc:1    | Reached skill level 5 in Evocations
 25530 | Orc:1    | Found a runed translucent gate.
 25538 | Orc:1    | Found a runed translucent gate.
 25539 | Orc:1    | Found a runed translucent gate.
 25544 | Orc:1    | Noticed hilljack's ghost (journeyman GrFi)
 25547 | Orc:1    | Found an iron altar of Okawaru.
 25762 | D:4      | Bought a ring of willpower for 325 gold pieces
 26048 | Orc:2    | Entered Level 2 of the Orcish Mines
 26170 | Orc:1    | Found Myepseh's Distillery.
 26174 | Orc:1    | Found Oryomaef's Magic Scroll Boutique.
 26291 | Orc:2    | Noticed Erolcha
 26304 | Orc:2    | Killed Erolcha
 26305 | Orc:2    | Reached skill level 14 in Fighting
 26450 | Orc:1    | Received a gift from Trog
 26759 | Orc:1    | Bought a scroll of brand weapon for 200 gold pieces
 26956 | Orc:1    | Found Ibuiroc's General Store.
 26980 | Orc:1    | Bought a scroll of identify for 22 gold pieces
 27154 | Orc:1    | Bought a scroll of identify for 20 gold pieces
 27154 | Orc:1    | Bought a scroll of noise for 10 gold pieces
 27272 | Orc:2    | Noticed Nessos
 27280 | Orc:2    | Killed Nessos
 27321 | Orc:2    | Found a staircase to the Elven Halls.
 27361 | Orc:2    | Noticed Saint Roka
 27702 | Orc:2    | Killed Saint Roka
 27703 | Orc:2    | Reached skill level 15 in Fighting
 28052 | Orc:2    | Received a gift from Trog
 28199 | Orc:2    | Found Saiwe's General Store.
 28199 | Orc:2    | Found Cycow's Magic Scroll Shoppe.
 28201 | Orc:2    | Found Edditt's Book Emporium.
 28203 | Orc:2    | Found Reirghoh's Book Shop.
 28209 | Orc:2    | Bought a scroll of identify for 28 gold pieces
 28211 | Orc:2    | Bought a scroll of identify for 32 gold pieces
 28211 | Orc:2    | Bought a scroll of identify for 32 gold pieces
 28211 | Orc:2    | Bought a scroll of identify for 32 gold pieces
 28212 | Orc:2    | Identified a scroll of acquirement
 28216 | Orc:2    | Acquired 612 gold pieces
 28420 | D:4      | Bought the ring of Shadows {Umbra +Inv Stlth+} for 560 gold
                  | pieces
 28420 | D:4      | Found the ring of Shadows {Umbra +Inv Stlth+}
 29024 | D:11     | Found a flagged portal.
 29050 | Bailey   | Entered a bailey
 30628 | D:12     | Noticed Urug
 30635 | D:12     | Killed Urug
 30635 | D:12     | Reached ****** piety under Trog
 30670 | D:12     | Noticed Sonja
 30673 | D:12     | Reached skill level 1 in Crossbows
 30679 | D:12     | Killed Sonja
 30738 | D:12     | Found a glowing silver altar of Zin.
 30738 | D:12     | Found Zin's Purification Station.
 30812 | D:12     | Found a gate leading to a gauntlet.
 30829 | Gauntlet | Entered a Gauntlet
 30829 | Gauntlet | Found a transporter.
 30829 | Gauntlet | Found a runed translucent gate.
 30829 | Gauntlet | Found a transporter.
 30838 | Gauntlet | Found a transporter.
 30842 | Gauntlet | Found a transporter.
 30854 | Gauntlet | Found a transporter.
 30855 | Gauntlet | Found a transporter.
 30862 | Gauntlet | Found a transporter.
 30879 | Gauntlet | Found a transporter.
 30893 | Gauntlet | Found a transporter.
 30897 | Gauntlet | Found a transporter.
 30905 | Gauntlet | Found a transporter.
 30909 | Gauntlet | Found a transporter.
 30911 | Gauntlet | Found a runed translucent gate.
 30911 | Gauntlet | Found a runed translucent gate.
 31035 | Gauntlet | Received a gift from Trog
 31083 | Gauntlet | Reached XP level 15. HP: 141/141 MP: 15/15
 31105 | Gauntlet | Identified the ring "Zuxt" {Wiz rElec Str+3}
 31136 | Gauntlet | Identified the +7 war axe "Kures" {freeze, rN+ Stlth+}
 31150 | Gauntlet | Identified the +0 scale mail of Complete Protection {+Inv
                  | MP+9 Str+2 Dex+2}
 32140 | D:13     | Found a gate to the Vaults.
 32331 | D:14     | Noticed Josephine
 32386 | D:14     | Killed Josephine
 32490 | D:14     | Found a blossoming altar of Fedhas.
 33082 | D:14     | Reached skill level 5 in Crossbows
 33516 | D:15     | Entered Level 15 of the Dungeon
 33645 | D:15     | Found a staircase to the Depths.
 33676 | D:15     | Received a gift from Trog
 33774 | D:15     | Found a frozen archway.
 33795 | IceCv    | Entered an ice cave
 34841 | D:15     | Found a transporter.
 34847 | D:15     | Noticed Purphixowk's ghost (journeyman DsGl)
 34854 | D:15     | Gained mutation: You have sharp toenails. [a neqoxec]
 34857 | D:15     | Gained mutation: You do not regenerate when monsters are
                  | visible. [a neqoxec]
 34862 | D:15     | Gained mutation: You are frail. (-10% HP) [a neqoxec]
 34863 | D:15     | Found a transporter.
 34909 | D:15     | Killed Purphixowk's ghost
 35036 | D:12     | Lost mutation: You are frail. (-10% HP) [potion of
                  | mutation]
 35036 | D:12     | Gained mutation: You expend magic power (3 MP) to
                  | strengthen your wands. [potion of mutation]
 35185 | D:15     | Found Ichur's Weapon Emporium.
 35475 | D:15     | Found a sacrificial altar of Ru.
 35682 | Orc:1    | Bought a potion of mutation for 112 gold pieces
 35682 | Orc:1    | Lost mutation: You have sharp toenails. [potion of
                  | mutation]
 35682 | Orc:1    | Lost mutation: You expend magic power (3 MP) to strengthen
                  | your wands. [potion of mutation]
 35682 | Orc:1    | Lost mutation: You do not regenerate when monsters are
                  | visible. [potion of mutation]
 35682 | Orc:1    | Gained mutation: You have very sharp teeth. [potion of
                  | mutation]
 35682 | Orc:1    | Gained mutation: You passively dampen the noise of your
                  | surroundings. [potion of mutation]
 35682 | Orc:1    | Gained mutation: You are agile. (Dex +2) [potion of
                  | mutation]
 35900 | D:4      | Bought an amulet of reflection for 390 gold pieces
 36229 | Orc:1    | Killed hilljack's ghost
 36715 | Shoals:1 | Entered Level 1 of the Shoals
 36741 | Shoals:1 | Reached XP level 16. HP: 77/149 MP: 16/16
 37114 | Shoals:1 | Noticed Frances
 37148 | Shoals:1 | Killed Frances
 37369 | Shoals:1 | Found the +5 demon whip "Spellbinder" {antimagic, Will+}
 37467 | Shoals:1 | Found a transporter.
 37472 | Shoals:1 | Noticed Lyfunof's ghost (adept DrFE)
 37476 | Shoals:1 | Found a transporter.
 37957 | Shoals:2 | Received a gift from Trog
 38259 | Orc:2    | Bought a scroll of enchant weapon for 120 gold pieces
 38866 | Shoals:2 | HP: 3/149 [snapping turtle (16)]
 39370 | Shoals:2 | Identified the +2 spear of Qusets {drain, +Rage}
 39370 | Shoals:2 | Identified the +9 fustibalus of the Tundras {speed, +Blink}
 39817 | Shoals:2 | Found a hide-covered altar of Uskayaw.
 39853 | Shoals:2 | Identified the +8 longbow "Varo" {vorpal, Dex+4}
 39943 | Shoals:2 | Noticed a kraken
 39958 | Shoals:2 | Killed a kraken
 39981 | Shoals:2 | Identified the +1 pair of boots "Cohokum" {Harm}
 40649 | Shoals:2 | HP: 7/223 [drowned by a water elemental (5)]
 40650 | Shoals:2 | Drowned by a water elemental

Illustrated notes

Levels and vault maps discovered:
D:1:      amcnicky_arrival_abandoned_market, layout_rooms,
          hellmonk_ecumenical_altar_blasted, minmay_misc_feat_square,
          minivault_5
D:2:      layout_rooms
D:3:      layout_basic, grunt_ministairs_2, minmay_randomly_rotated_circles,
          uniq_robin
D:4:      layout_cave_pods, nicolae_dithmenos_through_a_glass_darkly,
          serial_shops, shop, shop, shop, nicolae_inconvenience_store,
          nicolae_stop_n_shop_2
D:5:      layout_rooms, minmay_temple_entry_nine_rooms,
          gammafunk_ghost_abyssal_escape
D:6:      layout_loops_ring, uniq_duvessa
D:7:      layout_rooms, kennysheep_vampire_church,
          gammafunk_temple_overflow_pools, palyth_stone_intersect, nrook_uturn,
          roderic_batcave, uniq_joseph
D:8:      layout_loops_ring, general_overflow_altar,
          nicolae_ossuary_entry_monument
D:9:      layout_rooms, dpeg_lair_monsters, biasface_ghost_orc_armoury,
          serial_shops, nicolae_shop_window_shopping, uniq_maggie
D:10:     layout_cave_pods, lemuel_crystal_altar, hiddenorc1_lemuel,
          serial_shops, shop_fountains, uniq_maurice
D:11:     layout_gridville, enter_bailey_4
D:12:     layout_rooms, gauntlet_entry_generic, minmay_variable_closet,
          zin_purify, uniq_sonja, uniq_urug
D:13:     layout_gridville, david_vaults_1
D:14:     layout_stronghold, fedhas_ov_isle_minmay, uniq_josephine
D:15:     gammafunk_depths_entry_grave, layout_irregular_city,
          portal_ice_cave_entry_dragon, gammafunk_ghost_stat_death,
          nicolae_ru_path_of_blood, serial_shops, shop_coins
Lair:1:   layout_cave_shapes, serial_bayou_pond_b,
          chequers_serial_rivers_micro_c, serial_bayou_shore_b
Lair:2:   layout_long_grid, basic_altar, minmay_holes,
          cheibrodos_lair_lostbears, serial_bayou_shore_a, grunt_megastairs_2,
          infiniplex_staircase_pool
Lair:3:   layout_cave_pods, minmay_shoals_entry_hut, beast_lair_carwin_10,
          infiniplex_staircase_pool_2
Lair:4:   layout_roguey, nicolae_spider_entry_tight_spaces
Lair:5:   pond_and_an_island_with_a_cottage, layout_hall_layers
Lair:6:   due_jungle_book, layout_cave_pods, minmay_slime_entry_oklob_enclosed,
          hellmonk_guarded_unrand_zhor, grunt_megastairs_4
Shoals:1: layout_shoals, gammafunk_ghost_arena, uniq_frances
Shoals:2: layout_shoals, regret_index_shoals_crete
Shoals:3: layout_shoals, uniq_polyphemus
Orc:1:    layout_caves, gammafunk_ghost_fury_of_okawaru, enter_volcano_4,
          serial_shops, shop, special_room [special_room_orc],
          guppyfry_orc_lava_fort
Orc:2:    st_orc_rangers, layout_diamond_mine, basic_altar, uniq_nessos,
          uniq_saint_roka, uniq_erolcha

Skill      XL: |  1  2  3  4  5  6  7  8  9 10 11 12 13 14 15 16 |
---------------+-------------------------------------------------+-----
Dodging        | 3 4 6 7 9 10 11 13 14 | 14.9
Fighting       | 4 5 7 9 10 12 13 15 | 15.0
Short Blades   | 1 3 4 6 8 10 | 10.0
Stealth        | 2 5 7 9 10 | 10.0
Long Blades    | 3 7 |  7.3
Shields        | 10 11 | 11.0
Evocations     | 2 5 |  5.0
Crossbows      | 2 7 9 |  9.5
Maces & Flails | |  3.6

Action                   |  1- 3 |  4- 6 |  7- 9 | 10-12 | 13-15 | 16-18 || total
-------------------------+-------+-------+-------+-------+-------+-------++-------
Melee: Mace              |    38 |       |       |       |       |       ||    38
       Tailslap          |     7 |     6 |    28 |    87 |   318 |    80 ||   526
       Dagger            |    13 |   107 |   203 |   307 |       |       ||   630
       Long sword        |       |       |       |    89 |    19 |       ||   108
       Quick blade       |       |       |       |    92 |  1672 |   343 ||  2107
       Bite              |       |       |       |       |    12 |    58 ||    70
       Double sword      |       |       |       |       |       |    42 ||    42
 Fire: Hunting sling     |    59 |    33 |    52 |   121 |    25 |       ||   290
       Hand crossbow     |       |       |       |       |    38 |     2 ||    40
Throw: Stone             |    11 |    84 |     2 |       |       |       ||    97
       Dart              |       |    14 |    84 |   142 |   324 |    19 ||   583
       Javelin           |       |       |       |       |    36 |       ||    36
Invok: Berserk           |     4 |     4 |     4 |    11 |    17 |     2 ||    42
       Brothers in Arms  |       |       |     1 |     2 |    11 |       ||    14
       Trog's Hand       |       |       |     1 |     1 |     9 |     1 ||    12
 Abil: Breathe Fire      |       |       |    27 |    41 |    30 |     1 ||    99
Evoke: Wand              |       |       |       |     5 |    11 |       ||    16
       Condenser vane    |       |       |       |       |       |     1 ||     1
  Use: Scroll            |       |     4 |       |     7 |    22 |     5 ||    38
       Potion            |       |       |       |       |     4 |     4 ||     8
 Stab: Sleeping          |       |       |       |    14 |    21 |    17 ||    52
       Distracted        |       |       |       |       |    19 |    12 ||    31
       Paralysed         |       |       |       |       |     1 |       ||     1
       Held in net/web   |       |       |       |       |       |     1 ||     1
Armor: Skin              |    35 |    26 |    54 |   131 |   365 |    70 ||   681
Dodge: Dodged            |    49 |    66 |   109 |   350 |   597 |   201 ||  1372
       Repelled          |       |       |     2 |     4 |     1 |       ||     7
Block: Tower shield      |       |       |       |       |   933 |       ||   933
       Buckler           |       |       |       |       |     7 |       ||     7
       Kite shield       |       |       |       |       |   238 |   271 ||   509
       Reflection        |       |       |       |       |     1 |    27 ||    28
       Rpst.: Long sword |       |       |       |    26 |     2 |       ||    28
       Double sword      |       |       |       |       |       |    14 ||    14
